 Dungeon Crawl Stone Soup version 0.30-a0-359-gd0147acb1a (webtiles) character file.

Game seed: 12842957213422853299

381118 pyrow613 the Slayer (level 20, -8/221 HPs)
             Began as a Demigod Fighter on Nov 9, 2022.
             Mangled by an enormous slime creature (66 damage)
             ... on level 4 of the Pits of Slime on Nov 11, 2022.
             The game lasted 05:17:36 (61641 turns).

pyrow613 the Slayer (Demigod Fighter)              Turns: 61641, Time: 05:17:37

Health: -8/221     AC: 24    Str: 32    XL:     20   Next: 99%
Magic:  27/27      EV:  7    Int: 26    God:
Gold:   4344       SH: 22    Dex: 15    Spells: 17/23 levels left

rFire   + . .      SeeInvis +    a - +9 war axe (vorpal)
rCold   + . .      Faith    .    G - +2 tower shield {AC+3}
rNeg    . . .      Spirit   .    F - +6 shadow dragon scales
rPois   +          Reflect  .    c - +0 helmet
rElec   +          Harm     .    T - scarf {rC+ rF+}
rCorr   +          Rampage  .    H - +0 pair of gloves
Will    ++...      Rage     3%   k - +0 pair of boots
Stlth   +++++.....               D - amulet of regeneration
HPRegen 1.36/turn                f - ring "Sasonuet" {rPois rCorr}
MPRegen 0.20/turn                Q - ring "Yppuyll" {rElec Str+5 SInv}

@: mighty, about to teleport, marked, corroded
A: high MP 1, forlorn, divine attributes, thin skeletal structure 1, berserk 1,
clever 2, clumsy 1, robust 1
}: 2/15 runes: decaying, serpentine
a: no special abilities


You were on level 4 of the Pits of Slime.
You visited 9 branches of the dungeon, and saw 41 of its levels.
You visited the Abyss 1 time.
You also visited: Sewer, Bailey and Ice Cave.

You collected 6769 gold pieces.
You spent 2425 gold pieces at shops.

Inventory:

Hand Weapons
 a - a +9 vorpal war axe (weapon)
 b - a +3 scimitar of flaming
 y - a +4 executioner's axe of venom
Missiles
 g - 26 poisoned darts
 E - 14 curare-tipped darts
 P - 12 atropa-tipped darts
 V - a throwing net
Armour
 c - a +0 helmet (worn)
 k - a +0 pair of boots (worn)
 F - +6 shadow dragon scales (worn)
 G - a +2 tower shield of protection (worn)
 H - a +0 pair of gloves (worn)
 T - a scarf of resistance (worn)
Jewellery
 d - a +4 ring of slaying
 e - a ring of willpower
 f - the ring "Sasonuet" (left hand) {rPois rCorr}
   (You bought it in a shop on level 2 of the Orcish Mines)

   [ring of resist corrosion]

   rPois:     It protects you from poison.
   rCorr:     It protects you from acid and corrosion.
 D - an amulet of regeneration (around neck)
 Q - the ring "Yppuyll" (right hand) {rElec Str+5 SInv}
   (You took it off a deep elf pyromancer on level 3 of the Elven Halls)

   [ring of see invisible]

   Str:       It affects your strength (+5).
   rElec:     It insulates you from electricity.
   SInv:      It lets you see invisible.
Wands
 m - a wand of polymorph (22)
 n - a wand of flame (7) (quivered)
 q - a wand of roots (31)
 x - a wand of mindburst (5)
 B - a wand of paralysis (39)
 Y - a wand of acid (4)
Scrolls
 o - 2 scrolls of magic mapping
 s - 11 scrolls of teleportation
 t - 3 scrolls of fog
 A - 2 scrolls of silence
 K - 5 scrolls of enchant weapon
 L - 5 scrolls of poison
 U - a scroll of fear
Potions
 i - 16 potions of curing
 l - 3 potions of brilliance
 p - 4 potions of haste
 r - a potion of berserk rage
 u - 5 potions of cancellation
 z - 10 potions of resistance
 J - 7 potions of mutation
 O - 5 potions of flight
 S - 5 potions of might
 X - a potion of heal wounds
 Z - 4 potions of ambrosia
Miscellaneous
 h - a phantom mirror (inert)
 j - a box of beasts (inert)
 v - a tin of tremorstones (inert)
 w - a piece from Xom's chessboard (15/15)
 I - a condenser vane (inert)
 R - a lightning rod (2/4)


   Skills:
 + Level 22.3 Fighting
 - Level 17.3 Axes
 - Level 6.0 Throwing
 - Level 14.8 Armour
 - Level 6.0 Stealth
 * Level 16.4 Shields
 - Level 2.2 Spellcasting
 + Level 13.3 Evocations


You had 17 spell levels left.
You knew the following spells:

 Your Spells              Type           Power      Damage    Failure   Level
a - Summon Small Mammal   Summ           8%         N/A       69%         1
b - Apportation           Tloc           4%         N/A       69%         1
c - Blink                 Tloc           4%         N/A       83%         2
d - Passwall              Tmut/Erth      1%         N/A       83%         2

Your spell library contained the following spells:

 Spells                   Type           Power      Damage    Failure   Level
 Necrotise                Necr           8%         1d4       69%         1
 Sandblast                Erth           4%         2d4       69%         1
 Slow                     Hex            8%         N/A       69%         1
 Sting                    Tmut/Pois      8%         1d3       69%         1
 Ensorcelled Hibernation  Hex/Ice        4%         N/A       83%         2
 Poisonous Vapours        Pois/Air       4%         N/A       83%         2
 Scorch                   Fire           4%         2d5       83%         2
 Sublimation of Blood     Necr           2%         N/A       83%         2
 Confusing Touch          Hex            2%         N/A       96%         3
 Frozen Ramparts          Ice            4%         1d1       96%         3
 Gell's Gravitas          Tloc           2%         N/A       96%         3
 Hailstorm                Conj/Ice       2%         3d3       96%         3
 Ignite Poison            Fire/Tmut/Pois 2%         N/A       96%         3
 Inner Flame              Hex/Fire       2%         N/A       96%         3
 Lesser Beckoning         Tloc           4%         N/A       96%         3
 Portal Projectile        Hex/Tloc       4%         N/A       96%         3
 Stone Arrow              Conj/Erth      4%         3d7       96%         3
 Swiftness                Air            2%         N/A       96%         3
 Teleport Other           Tloc           2%         N/A       96%         3
 Tukima's Dance           Hex            2%         N/A       96%         3
 Vampiric Draining        Necr           2%         2d6       96%         3
 Flame Wave               Conj/Fire      2%         2d4       100%        4
 Ice Form                 Ice/Tmut       2%         N/A       100%        4
 Manifold Assault         Tloc           2%         N/A       100%        4
 Olgreb's Toxic Radiance  Pois           2%         N/A       100%        4
 Passage of Golubria      Tloc           2%         N/A       100%        4
 Petrify                  Tmut/Erth      2%         N/A       100%        4
 Sticky Flame             Conj/Fire      2%         2d3       100%        4
 Summon Ice Beast         Ice/Summ       2%         N/A       100%        4
 Alistair's Intoxication  Tmut/Pois      1%         N/A       100%        5
 Blade Hands              Tmut           1%         N/A       100%        5
 Borgnjor's Vile Clutch   Necr/Erth      1%         N/A       100%        5
 Freezing Cloud           Conj/Ice/Air   1%         6-21      100%        5
 Irradiate                Conj/Tmut      1%         3d12      100%        5
 Metabolic Englaciation   Hex/Ice        1%         N/A       100%        5
 Silence                  Hex/Air        1%         N/A       100%        5
 Dispersal                Tloc           1%         N/A       100%        6
 Eringya's Noxious Bog    Tmut/Pois      1%         N/A       100%        6
 Simulacrum               Ice/Necr       1%         N/A       100%        6
 Statue Form              Tmut/Erth      1%         N/A       100%        6
 Summon Cactus Giant      Summ           1%         N/A       100%        6
 Ozocubu's Refrigeration  Ice            1%         4d7       100%        7
 Storm Form               Tmut/Air       1%         N/A       100%        7
 Borgnjor's Revivificati  Necr           1%         N/A       100%        8
 Disjunction              Tloc           1%         N/A       100%        8
 Ignition                 Fire           1%         3d3       100%        8
 Lehudib's Crystal Spear  Conj/Erth      1%         10d2      100%        8
 Necromutation            Tmut/Necr      1%         N/A       100%        8
 Death's Door             Necr           1%         N/A       100%        9
 Polar Vortex             Ice            1%         N/A       100%        9


Dungeon Overview and Level Annotations

Branches:
Dungeon (15/15)            Temple (0/1) D:5            Lair (5/5) D:10
  Swamp (4/4) Lair:2        Snake (4/4) Lair:2        Slime (5/5) Lair:4
    Orc (2/2) D:11            Elf (3/3) Orc:2        Vaults (2/5) D:14
  Crypt (0/3) Vaults:2     Depths (1/4) D:15          Sewer (visited)
 Bailey (visited)           IceCv (visited)

Shops:
D:1 *   D:5 =   D:9 *   Orc:2 =*[(   Snake:1 *   Depths:1 ?

Portals:
Hell: Depths:1

Annotations:
D:10 1 runed translucent door
D:12 exclusion: downstairs
D:14 exclusion: orange crystal statue
Snake:1 1 runed translucent door
Elf:2 2 runed translucent doors
Depths:1 1 runed translucent door


Innate Abilities, Weirdness & Mutations

You have an increased reservoir of magic. (+10% MP)
You shall have no god before yourself.
Your divine heritage dramatically boosts your attributes as you level up.
You have a somewhat thin skeletal structure. (Dex +2, Stealth+)
You sometimes lose your temper in combat.
Your mind is very acute. (Int +8, Str/Dex -2)
You are clumsy. (Dex -2)
You are robust. (+10% HP)


Message History

With a horrendous wail, an alarm goes off!
A sentinel's mark forms upon you. You block the slime creature's attack.
You block the slime creature's attack.
There is a stone staircase leading up here.
The slime creature hits you.
You climb upwards.
The azure jelly quivers.
You block the rockslime's attack.
Two slime creatures merge to form a large slime creature.
Found an escape hatch in the floor.
There is a stone staircase leading down here.
Unknown command.
Unknown command.
You block the slime creature's attack. The rockslime hits you.
You stumble backwards!
You stop descending the stairs.
As you read the scroll of teleportation, it crumbles to dust.
You feel strangely unstable.
You are splashed with acid.
The azure jelly hits you but does no damage.
The azure jelly hits you! The azure jelly freezes you! You resist.
* * * LOW HITPOINT WARNING * * *
You block the azure jelly's attack.
The azure jelly hits you but does no damage.
The rockslime hits you!!
* * * LOW HITPOINT WARNING * * *
You hold your ground!
You block the slime creature's attack.
Two slime creatures merge to form a very large slime creature.
Two slime creatures merge to form an enormous slime creature.
You block the slime creature's attack.
The azure jelly hits you but does no damage.
You block the azure jelly's attack. The azure jelly barely misses you.
The azure jelly closely misses you. The rockslime hits you.
* * * LOW HITPOINT WARNING * * *
You hold your ground!
Unknown command.
You feel much better.
You are splashed with acid.
* * * LOW HITPOINT WARNING * * *
The slime creature hits you but does no damage.
You block the slime creature's attack. The enormous slime creature hits you!!!
You die...

#......# ...#..##
#.....# #..#### ......#
######## ## #.....##
.#....⌠# ##.##......#
.......# ##.....J....##
....>..# ..#..........##
.......# .....>JJ#.....#
.#⌠....# ......J@J....#
.##..#.# .#.....J..####
.......# ...........#
.......# ..........##
.......# ............
.......# #............
........###............#
######..# ##......##..##
..... ..# ##....## ###


You could see an azure jelly, an enormous slime creature, 3 slime creatures and
a rockslime.

Vanquished Creatures
  the Royal Jelly (Slime:5)
  Boris (Vaults:2)
  A shard shrike (IceCv)
  Nikola (Depths:1)
  Mlioglotl (Swamp:1)
  A lich (Depths:1)
  3 deep elf blademasters
  21 acid blobs
  2 deep elf master archers (Elf:3)
  Agnes (Snake:1)
  3 thorn hunters (Swamp:4)
  A shadow dragon (Elf:1)
  A tengu reaver (Vaults:1)
  6 azure jellies
  Roxanne (Swamp:2)
  3 nagarajas (Snake:4)
  5 rockslimes
  3 fire giants (Depths:1)
  4 frost giants (Depths:1)
  A deep elf sorcerer (Elf:3)
  Aizul (Elf:2)
  5 vault wardens
  5 deep elf elementalists (Elf:3)
  A stone giant (Depths:1)
  6 ironbound preservers
  2 orc warlords
  11 quicksilver oozes
  4 very ugly things
  2 ironbound thunderhulks (Vaults:1)
  Azrael (D:14)
  5 deep elf demonologists
  9 dire elephants
  4 eleionomae
  A deep elf annihilator (Elf:3)
  2 bunyips (Swamp:4)
  A white draconian (IceCv)
  3 deep elf death magi (Elf:3)
  4 deep elf high priests
  5 shambling mangroves
  The ghost of p00ps00p the Cleaver, a journeyman HOFi of Gozag (Orc:2)
  4 yaktaur captains
  9 great orbs of eyes
  Harold (D:11)
  2 ice dragons
  6 salamander tyrants (Snake:4)
  22 hydras
  11 vault guards
  13 ironbound frosthearts
  17 anacondas
  2 catoblepae
  26 dancing weapons
  2 ghost crabs
  3 two-headed ogres
  5 boulder beetles
  14 naga warriors
  10 centaur warriors
  7 death yaks
  7 tengu warriors
  An alligator (shapeshifter) (Elf:1)
  6 alligators
  8 shock serpents
  2 deep troll earth magi
  16 deep elf knights
  5 orc high priests
  Sonja (Lair:3)
  9 naga sharpshooters
  A sixfirhy (Abyss:1)
  An iron troll (Depths:1)
  A golden dragon zombie (Depths:1)
  3 soul eaters (D:12)
  4 skeletal warriors
  A death drake (Swamp:2)
  4 salamander mystics
  6 goliath frogs
  A sea snake (Snake:1)
  14 deep trolls
  5 spriggan druids
  9 naga ritualists
  6 bog bodies
  8 swamp dragons
  A necromancer (Depths:1)
  11 deep elf archers
  5 wizards
  2 lindwurms (Lair:5)
  An orange crystal statue (IceCv)
  19 deep elf zephyrmancers
  8 harpies
  6 orc knights
  2 phantasmal warriors (Vaults:2)
  10 mana vipers
  35 deep elf pyromancers
  A manticore (D:14)
  8 ironbound convokers
  2 will-o-the-wisps (Swamp:4)
  10 orc sorcerers
  22 salamanders
  A cyclops (shapeshifter) (Vaults:1)
  40 ugly things
  5 shining eyes
  A frost giant skeleton (Depths:1)
  4 cyclopes
  6 elephants
  A smoke demon (D:12)
  23 naga magi
  3 vault sentinels (Vaults:2)
  38 black mambas
  10 guardian serpents
  A gargoyle (D:12)
  3 orange demons
  13 cane toads
  An eye of devastation (Slime:4)
  27 rime drakes
  3 demonic crawlers (D:13)
  6 komodo dragons
  Maggie (D:7)
  4 efreet
  8 torpor snails
  14 yaktaurs
  2 kobold demonologists
  An ice devil (D:12)
  A tengu conjurer (D:15)
  8 trolls
  16 polar bears
  A merfolk (shapeshifter) (Elf:2)
  A meliai (shapeshifter) (Elf:2)
  A bloated husk (Swamp:3)
  7 blink frogs
  8 tyrant leeches
  Grinder (D:4)
  19 hornets
  Prince Ribbit (D:9)
  3 dream sheep
  112 slime creatures
  A slime creature (shapeshifter) (Elf:2)
  5 spriggans (Swamp:3)
  3 shadows
  A centaur simulacrum (D:14)
  6 air elementals
  A human (D:14)
  6 wyverns
  4 water elementals
  2 vampires
  A ynoxinul (D:12)
  33 yaks
  2 wraiths
  Eustachio (D:4)
  A neqoxec (D:12)
  7 fire elementals
  13 golden eyes
  A redback (shapeshifter) (D:13)
  4 basilisks
  8 vampire mosquitoes
  A chaos spawn (D:12)
  Menkaure (D:5)
  53 nagas
  2 acid dragons
  4 wargs
  15 swamp worms
  A tengu zombie (Depths:1)
  12 water moccasins
  Duvessa (D:7)
  A floating eye (Elf:2)
  6 hell hounds
  10 swamp drakes
  The ghost of koil the Sneak, an amateur SpEn of Vehumet (D:4)
  Pargi (Sewer)
  53 orc warriors
  3 black bears
  An ice beast (D:8)
  A large abomination (Abyss:1)
  7 ogres
  7 wolves
  9 centaurs
  2 phantoms
  Blork the orc (D:6)
  A gnoll sergeant (D:10)
  12 bullfrogs
  4 earth elementals
  4 necrophages
  4 scorpions
  4 wights (D:9)
  Dowan (D:7)
  7 howler monkeys
  11 electric eels
  8 jellies
  7 quasits (D:12)
  A small abomination (Abyss:1)
  21 orc priests
  7 hounds
  A gnoll bouda (D:8)
  An iguana (D:4)
  31 orc wizards
  5 hell rats
  Robin (D:4)
  19 gnolls
  12 adders
  A shadow imp (D:7)
  A white imp (D:6)
  4 worms
  A dart slug (D:2)
  98 orcs
  9 ball pythons
  2 bats (D:1)
  4 endoplasms
  10 giant cockroaches
  16 goblins
  14 hobgoblins
  3 quokkas
  5 frilled lizards
  8 kobolds
  5 rats
  A butterfly (Lair:2)
1582 creatures vanquished.

Vanquished Creatures (collateral kills)
  Zenata (Vaults:2)
  An acid blob (Slime:5)
  3 azure jellies (Slime:5)
  2 rockslimes (Slime:5)
  An iron dragon (Elf:1)
  2 very ugly things (Vaults:2)
  3 salamander tyrants (Snake:4)
  An ice dragon (Elf:1)
  2 hydras
  A dancing weapon (Elf:3)
  A spriggan berserker (Depths:1)
  A goliath frog (Swamp:1)
  A spriggan druid (Swamp:1)
  An ugly thing (Vaults:2)
  A salamander (Snake:4)
  4 hornets
  An air elemental (Elf:3)
  5 spriggans
  2 vampire mosquitoes (Swamp:1)
  A swamp worm (Swamp:1)
35 creatures vanquished.

Vanquished Creatures (others)
  A tengu reaver (Depths:1)
  A fire giant (D:15)
  A deep elf elementalist (Elf:3)
  An eleionoma (Swamp:4)
  A hydra (Swamp:4)
  2 deep elf knights
  A spriggan druid (Swamp:4)
  A bloated husk (Swamp:1)
  A water elemental (Elf:1)
  A fire elemental (Elf:2)
  A swamp worm (Swamp:1)
  2 swamp drakes
  2 orc wizards
  A briar patch (Swamp:4)
  3 demonic plants (D:12)
  10 foxfires (Swamp:4)
  17 fungi
  127 plants
  5 starspawn tentacles
  4 withered plants (D:7)
183 creatures vanquished.

Grand Total: 1800 creatures vanquished

Notes
Turn   | Place    | Note
-------+----------+-------------------------------------------
     0 | D:1      | pyrow613 the Demigod Fighter began the quest for the Orb.
     0 | D:1      | Reached XP level 1. HP: 18/18 MP: 3/3
    79 | D:1      | Found Hauwk's General Store.
   256 | D:1      | Reached XP level 2. HP: 25/25 MP: 4/4
   761 | D:1      | Reached skill level 3 in Fighting
   800 | D:2      | Reached XP level 3. HP: 20/31 MP: 5/5
  1136 | D:2      | Reached XP level 4. HP: 37/38 MP: 6/6
  1759 | D:3      | Identified the +3 spear of Ifrilos {protect, Contam Fly
                  | Int-3 Dex+9}
  2485 | D:4      | Reached XP level 5. HP: 46/46 MP: 7/7
  2509 | D:4      | Reached skill level 4 in Fighting
  2552 | D:4      | Noticed Eustachio
  2561 | D:4      | Killed Eustachio
  2562 | D:4      | Reached skill level 5 in Axes
  2562 | D:4      | Reached XP level 6. HP: 53/53 MP: 8/8
  2597 | D:4      | Found a runed translucent door.
  2655 | D:4      | Found a glowing drain.
  2668 | Sewer    | Entered a sewer
  2695 | Sewer    | Noticed Pargi
  2707 | Sewer    | Killed Pargi
  3016 | D:4      | Reached XP level 7. HP: 60/60 MP: 9/9
  3043 | D:4      | Reached skill level 5 in Fighting
  3143 | D:4      | Noticed Grinder
  3145 | D:4      | Noticed Robin
  3150 | D:4      | Killed Robin
  3153 | D:4      | Paralysed by Grinder for 2 turns
  3156 | D:4      | Killed Grinder
  3350 | D:4      | Noticed koil's ghost (amateur SpEn)
  3377 | D:4      | Killed koil's ghost
  3378 | D:4      | Reached XP level 8. HP: 35/69 MP: 10/10
  3510 | D:5      | Entered Level 5 of the Dungeon
  3525 | D:5      | Noticed Menkaure
  3703 | D:5      | Killed Menkaure
  3770 | D:5      | Reached skill level 6 in Fighting
  3955 | D:5      | Found a staircase to the Ecumenical Temple.
  4062 | D:5      | Found Neawk's Jewellery Shoppe.
  4683 | D:6      | Reached skill level 5 in Armour
  4825 | D:6      | Reached skill level 7 in Fighting
  4971 | D:6      | Noticed Blork the orc
  4979 | D:6      | Killed Blork the orc
  4980 | D:6      | Reached XP level 9. HP: 72/79 MP: 11/11
  5869 | D:7      | Noticed Maggie
  6555 | D:7      | Noticed Duvessa
  6556 | D:7      | Noticed Dowan
  6734 | D:7      | Identified the +0 flail of the Decaying God {flame, rElec
                  | rN+ Dex+4}
  6833 | D:7      | Killed Duvessa
  6834 | D:7      | Reached skill level 8 in Fighting
  6842 | D:7      | Killed Dowan
  7095 | D:7      | Killed Maggie
  7339 | D:8      | Reached skill level 10 in Axes
  7785 | D:8      | Noticed a two-headed ogre
  7793 | D:8      | Killed a two-headed ogre
  7794 | D:8      | Reached skill level 9 in Fighting
  7794 | D:8      | Reached XP level 10. HP: 89/91 MP: 13/13
  8103 | D:9      | Noticed Prince Ribbit
  8112 | D:9      | Killed Prince Ribbit
  8274 | D:9      | Noticed a cyclops
  8275 | D:9      | Noticed a centaur warrior
  8290 | D:9      | Killed a cyclops
  8297 | D:9      | Noticed a tengu warrior
  8302 | D:9      | Killed a centaur warrior
  8311 | D:9      | Killed a tengu warrior
  8312 | D:9      | Reached skill level 10 in Fighting
  8314 | D:9      | Noticed a boulder beetle
  8328 | D:9      | Killed a boulder beetle
  8397 | D:9      | Found a flagged portal.
  8407 | Bailey   | Entered a bailey
  8515 | Bailey   | Noticed an orc knight
  8540 | Bailey   | Killed an orc knight
  8666 | Bailey   | Found a large runed translucent door.
  8666 | Bailey   | Found a large runed translucent door.
  8770 | Bailey   | Noticed a deep elf pyromancer
  8907 | Bailey   | Killed a deep elf pyromancer
  9017 | Bailey   | Identified the +9 scale mail of Toothy Happiness {Str+2
                  | Stlth+}
  9305 | D:9      | Found Pilirr's Assorted Antiques.
  9311 | D:9      | Bought a scroll of identify for 40 gold pieces
  9311 | D:9      | Bought a fine mace for 160 gold pieces
  9311 | D:9      | Identified the +7 mace of Zawkiy {freeze, *Slow Int+5} (You
                  | bought it in a shop on level 9 of the Dungeon)
  9325 | D:9      | Reached XP level 11. HP: 98/101 MP: 14/14
  9328 | D:9      | Reached skill level 11 in Fighting
  9331 | D:9      | Reached skill level 1 in Evocations
  9797 | D:10     | Entered Level 10 of the Dungeon
  9836 | D:10     | Noticed a two-headed ogre
  9837 | D:10     | Found a staircase to the Lair.
  9850 | D:10     | Killed a two-headed ogre
 10269 | D:10     | Found a runed translucent door.
 10635 | D:10     | Noticed a fire crab
 10704 | D:10     | Reached skill level 12 in Fighting
 11121 | D:11     | Noticed Harold
 11185 | D:11     | Killed Harold
 11303 | D:11     | Reached skill level 13 in Fighting
 11314 | D:11     | Found a staircase to the Orcish Mines.
 11579 | D:12     | Noticed a soul eater
 11579 | D:12     | Noticed a soul eater
 11592 | D:12     | Killed a soul eater
 11607 | D:12     | Killed a soul eater
 11940 | D:12     | Noticed a soul eater
 11959 | D:12     | Killed a soul eater
 11960 | D:12     | Reached XP level 12. HP: 115/115 MP: 15/15
 12150 | D:12     | Gained mutation: You have large cloven feet. [a neqoxec]
 12890 | D:13     | Reached skill level 14 in Fighting
 12890 | D:13     | Reached skill level 5 in Evocations
 13583 | D:13     | Noticed a centaur warrior
 13598 | D:13     | Killed a centaur warrior
 13646 | D:13     | Noticed a centaur warrior
 13656 | D:13     | Killed a centaur warrior
 13722 | D:13     | Noticed a centaur warrior
 13733 | D:13     | Killed a centaur warrior
 13743 | D:13     | Noticed a boulder beetle
 13816 | D:13     | Killed a boulder beetle
 14303 | Orc:1    | Entered Level 1 of the Orcish Mines
 14353 | Orc:1    | Reached skill level 10 in Armour
 14353 | Orc:1    | Reached XP level 13. HP: 120/125 MP: 16/16
 14628 | Orc:2    | Entered Level 2 of the Orcish Mines
 14992 | Orc:2    | Found a runed translucent door.
 14992 | Orc:2    | Noticed p00ps00p's ghost (journeyman HOFi)
 15025 | Orc:2    | Killed p00ps00p's ghost
 15263 | Orc:2    | Reached skill level 15 in Fighting
 15741 | Orc:2    | Noticed an orc warlord
 15760 | Orc:2    | Killed an orc warlord
 15806 | Orc:2    | Found Utyocs's General Store.
 15806 | Orc:2    | Found Mumoti Ismyw's Jewellery Emporium.
 15807 | Orc:2    | Found Miesto's Antique Armour Shoppe.
 15807 | Orc:2    | Found Ylucal's Antique Weapon Shoppe.
 15824 | Orc:2    | Bought the ring "Sasonuet" {rPois rCorr} for 405 gold
                  | pieces
 15843 | Orc:2    | Bought a glowing scarf for 224 gold pieces
 15843 | Orc:2    | Bought a fine scale mail for 252 gold pieces
 15843 | Orc:2    | Identified the +0 scale mail of Erchithruz {rElec rF+
                  | Dex+7} (You bought it in a shop on level 2 of the Orcish
                  | Mines)
 16172 | Orc:2    | Found a staircase to the Elven Halls.
 16355 | Orc:1    | Noticed an orc warlord
 16685 | Abyss:1  | Noticed a tentacled starspawn
 16685 | Abyss:1  | Noticed a tentacled monstrosity
 16685 | Abyss:1  | Noticed a starcursed mass
 16685 | Abyss:1  | Noticed a bone dragon
 16685 | Abyss:1  | Noticed a tentacled starspawn
 16685 | Abyss:1  | Noticed a tentacled monstrosity
 16685 | Abyss:1  | Cast into level 1 of the Abyss (orc warrior)
 16687 | Abyss:1  | Identified the ring "Syggynny" {rElec rPois Int+6}
 16702 | Abyss:1  | Lost mutation: You have large cloven feet. [potion of
                  | mutation]
 16702 | Abyss:1  | Gained mutation: Your mind is acute. (Int +4, Str/Dex -1)
                  | [potion of mutation]
 16702 | Abyss:1  | Lost mutation: Your mind is acute. (Int +4, Str/Dex -1)
                  | [potion of mutation]
 16873 | Orc:1    | Escaped the Abyss
 16883 | Orc:1    | Killed an orc warlord
 17521 | Lair:1   | Entered Level 1 of the Lair of Beasts
 18496 | Lair:2   | Found a staircase to the Snake Pit.
 18730 | Lair:2   | Reached skill level 16 in Fighting
 18764 | Lair:2   | Reached XP level 14. HP: 108/137 MP: 17/17
 19279 | Lair:2   | Found a staircase to the Swamp.
 19798 | Lair:3   | Noticed Sonja
 19824 | Lair:3   | Killed Sonja
 20905 | Lair:4   | Found a runed translucent door.
 21060 | Lair:4   | Found a runed translucent door.
 21061 | Lair:4   | Noticed an acid blob
 21063 | Lair:4   | Noticed an acid blob
 21064 | Lair:4   | Found a staircase to the Slime Pits.
 21064 | Lair:4   | Noticed an acid blob
 21840 | Lair:5   | Entered Level 5 of the Lair of Beasts
 22635 | Lair:5   | Reached skill level 5 in Shields
 23441 | Lair:5   | Found a runed translucent door.
 23499 | Lair:5   | Reached skill level 17 in Fighting
 23953 | Snake:1  | Entered Level 1 of the Snake Pit
 23961 | Snake:1  | Noticed Agnes
 23976 | Snake:1  | Killed Agnes
 24067 | Lair:2   | Reached XP level 15. HP: 71/147 MP: 18/18
 24314 | Snake:1  | Found a runed translucent door.
 24996 | Snake:1  | Found Tixam's Assorted Antiques.
 25813 | Swamp:1  | Entered Level 1 of the Swamp
 25813 | Swamp:1  | You fall into a shaft and drop 1 floor!
 26132 | Swamp:1  | Noticed Mlioglotl
 26133 | Swamp:1  | Noticed a tentacled starspawn
 26150 | Swamp:1  | HP: 3/147 [spriggan rider/+0 spear[a spriggan druid] (8)]
 26799 | D:14     | Reached skill level 15 in Axes
 26969 | D:14     | Identified a scroll of acquirement
 26971 | D:14     | Acquired 709 gold pieces
 27154 | D:14     | Reached skill level 18 in Fighting
 27174 | D:14     | Reached skill level 10 in Evocations
 27462 | D:14     | Found a gate to the Vaults.
 27996 | Elf:1    | Entered Level 1 of the Elven Halls
 28696 | Elf:1    | Reached XP level 16. HP: 150/158 MP: 19/19
 29053 | Elf:1    | Found a runed translucent gate.
 29053 | Elf:1    | Found a runed translucent gate.
 29053 | Elf:1    | Found a runed translucent gate.
 29053 | Elf:1    | Found a runed translucent gate.
 29053 | Elf:1    | Found a runed translucent gate.
 29054 | Elf:1    | Found a runed translucent gate.
 29200 | Elf:1    | Reached skill level 1 in Stealth
 29877 | D:5      | Bought a +4 ring of slaying for 936 gold pieces
 30054 | D:15     | Entered Level 15 of the Dungeon
 30101 | D:15     | Noticed Azrael
 30105 | D:15     | Reached skill level 1 in Throwing
 30130 | D:14     | Killed Azrael
 30412 | D:15     | Found a staircase to the Depths.
 30446 | D:15     | Learned a level 1 spell: Summon Small Mammal
 31568 | Snake:2  | Reached skill level 19 in Fighting
 31949 | Snake:2  | Learned a level 1 spell: Apportation
 31952 | Snake:2  | Learned a level 2 spell: Blink
 31955 | Snake:2  | Learned a level 2 spell: Passwall
 32756 | Elf:2    | Paralysed by an air elemental for 1 turns
 32781 | Elf:2    | Paralysed by an air elemental for 1 turns
 32929 | Elf:2    | Paralysed by a floating eye for 3 turns
 33298 | Elf:2    | Paralysed by an air elemental for 1 turns
 33584 | Elf:2    | Found a large runed translucent door.
 33584 | Elf:2    | Found a large runed translucent door.
 33609 | Elf:2    | Found a large runed translucent door.
 33609 | Elf:2    | Found a large runed translucent door.
 34091 | Snake:3  | Reached XP level 17. HP: 155/168 MP: 20/20
 34346 | Snake:3  | Found a frozen archway.
 34351 | IceCv    | Entered an ice cave
 34470 | IceCv    | Reached skill level 5 in Stealth
 35093 | IceCv    | Reached skill level 5 in Throwing
 35221 | IceCv    | Noticed a shard shrike
 35230 | IceCv    | Killed a shard shrike
 35896 | Snake:3  | Acquired a ring of willpower
 35924 | Snake:3  | Reached skill level 20 in Fighting
 36314 | Swamp:1  | Killed Mlioglotl
 37434 | Swamp:2  | Noticed Roxanne
 37453 | Swamp:2  | Killed Roxanne
 39017 | Snake:4  | Entered Level 4 of the Snake Pit
 39044 | Snake:4  | Reached XP level 18. HP: 150/175 MP: 21/21
 39865 | Snake:4  | Reached skill level 1 in Spellcasting
 40938 | Snake:4  | Reached skill level 21 in Fighting
 41208 | Snake:4  | Got a serpentine rune of Zot
 41752 | Elf:3    | Entered Level 3 of the Elven Halls
 42035 | Elf:3    | Paralysed by an air elemental for 1 turns
 42264 | Elf:3    | Noticed a Hell Sentinel
 42268 | Elf:3    | Paralysed by an air elemental for 1 turns
 42584 | Elf:3    | Identified the ring "Yppuyll" {rElec Str+5 SInv}
 42933 | Vaults:1 | Entered Level 1 of the Vaults
 43409 | Vaults:1 | Upgraded the game from 0.30-a0-358-g0d69a1922f to
                  | 0.30-a0-359-gd0147acb1a
 43887 | Vaults:1 | Reached skill level 10 in Shields
 44682 | Vaults:1 | Reached XP level 19. HP: 189/189 MP: 26/26
 45320 | Swamp:4  | Entered Level 4 of the Swamp
 46673 | Swamp:4  | Got a decaying rune of Zot
 47346 | Elf:2    | Noticed Aizul
 47376 | Elf:2    | Killed Aizul
 48465 | Elf:3    | Paralysed by an air elemental for 1 turns
 48470 | Elf:3    | Paralysed by an air elemental for 1 turns
 48473 | Elf:3    | Paralysed by an air elemental for 1 turns
 48852 | Elf:3    | Acquired 437 gold pieces
 49314 | Elf:3    | Identified the ring of the Enemy {Int+6 Dex+3}
 50448 | Slime:1  | Entered Level 1 of the Pits of Slime
 53460 | Slime:3  | Gained mutation: You are weak. (Str -2) [a shining eye]
 54402 | Depths:1 | Entered Level 1 of the Depths
 54594 | D:15     | Reached XP level 20. HP: 149/198 MP: 27/27
 54979 | Depths:1 | Found a gateway to Hell.
 55437 | Depths:1 | Noticed Nikola
 55484 | Depths:1 | Killed Nikola
 56022 | Depths:1 | Found a runed translucent door.
 56068 | Depths:1 | Found Wokhyevyen's Magic Scroll Shop.
 56075 | Depths:1 | Bought a scroll of fog for 64 gold pieces
 56075 | Depths:1 | Bought a scroll of teleportation for 48 gold pieces
 56075 | Depths:1 | Bought a scroll of teleportation for 48 gold pieces
 56075 | Depths:1 | Bought a scroll of poison for 64 gold pieces
 56075 | Depths:1 | Bought a scroll of poison for 64 gold pieces
 56075 | Depths:1 | Bought a scroll of enchant weapon for 120 gold pieces
 56730 | Vaults:2 | Reached skill level 15 in Shields
 57117 | Vaults:2 | Noticed Boris
 57142 | Vaults:2 | Killed Boris
 57271 | Vaults:2 | Noticed Zenata
 57298 | Vaults:2 | Killed Zenata
 57546 | Vaults:2 | Found a staircase to the Crypt.
 57690 | Vaults:2 | Lost mutation: You are weak. (Str -2) [potion of mutation]
 57690 | Vaults:2 | Gained mutation: You are robust. (+10% HP) [potion of
                  | mutation]
 57690 | Vaults:2 | Gained mutation: Your mind is acute. (Int +4, Str/Dex -1)
                  | [potion of mutation]
 57818 | Vaults:2 | Reached skill level 22 in Fighting
 59493 | Slime:4  | Gained mutation: You possess an exceptional clarity of
                  | mind. [a shining eye]
 59525 | Slime:4  | Gained mutation: You are clumsy. (Dex -2) [a shining eye]
 59528 | Slime:3  | Lost mutation: You possess an exceptional clarity of mind.
                  | [a shining eye]
 60583 | Slime:5  | Entered Level 5 of the Pits of Slime
 60813 | Slime:5  | Gained mutation: You have a pair of small antennae on your
                  | head. [a shining eye]
 60827 | Slime:5  | Gained mutation: You occasionally lose the ability to drink
                  | potions when taking damage. [a shining eye]
 60829 | Slime:5  | Gained mutation: You are vulnerable to heat. (rF-) [a
                  | shining eye]
 61370 | Slime:4  | Lost mutation: You have a pair of small antennae on your
                  | head. [potion of mutation]
 61370 | Slime:4  | Lost mutation: You occasionally lose the ability to drink
                  | potions when taking damage. [potion of mutation]
 61370 | Slime:4  | Lost mutation: You are vulnerable to heat. (rF-) [potion of
                  | mutation]
 61370 | Slime:4  | Gained mutation: You sometimes lose your temper in combat.
                  | [potion of mutation]
 61370 | Slime:4  | Gained mutation: Your mind is very acute. (Int +8, Str/Dex
                  | -2) [potion of mutation]
 61449 | Slime:5  | Noticed the Royal Jelly
 61501 | Slime:5  | Gained mutation: You have a somewhat thin skeletal
                  | structure. (Dex +2, Stealth+) [a shining eye]
 61629 | Slime:5  | Killed the Royal Jelly
 61641 | Slime:4  | Mangled by an enormous slime creature

Illustrated notes

Levels and vault maps discovered:
D:1:      nzn_arrival_depleted_hourglass, layout_loops_ring, serial_shops, shop,
          hellmonk_ecumenical_altar_blasted
D:2:      minmay_roachtagon, layout_loops_ring, serial_bayou,
          serial_bayou_shore_b, serial_bayou_lagoon_a, serial_bayou_lake_a,
          serial_bayou_pond_c, serial_bayou_pond_c, basic_altar,
          grunt_ministairs_9, wad_floor_pattern_2
D:3:      layout_basic, lemuel_crystal_altar, st_stairs_1,
          dreamdust_princess_corridor, interstate_on_off,
          chequers_serial_rivers_room_b, small_statue_intersection
D:4:      layout_rooms, portal_sewer_entry_b, ebering_ghost_sewer_d, uniq_robin,
          uniq_eustachio, uniq_grinder
D:5:      layout_cave_pools, lemuel_temple_firewalk_b, serial_shops, shop,
          hangedman_decor_opposing, uniq_menkaure
D:6:      layout_layer_cave, amcnicky_altar_gilded, uniq_blork_the_orc
D:7:      layout_layer_cave, kiku_gazebo_garden_becter, minitemple,
          due_unseen_surprise, uniq_maggie, uniq_duvessa
D:8:      layout_loops_ring, lemuel_round_altar
D:9:      minmay_bloctagon_deflated, layout_cave_pods, serial_shops, shop,
          enter_bailey_2, uniq_prince_ribbit1
D:10:     gammafunk_mikee_crab_dinner, layout_loops_ring, erik_lair_island,
          minmay_rotating_lava
D:11:     layout_small_grid, david_orc_2, minivault_20, uniq_harold
D:12:     layout_basic, serial_demonic, serial_demonic_d, serial_demonic_c,
          serial_demonic_c, serial_demonic_e, serial_demonic_g,
          serial_demonic_f, serial_demonic_c, serial_demonic_a,
          serial_demonic_e, serial_demonic_f
D:13:     layout_cave_pods, grunt_ministairs_3,
          nicolae_concentric_dashed_squares_mild, st_stairs_11,
          einodemon_crawler_minivault
D:14:     layout_rooms, grunt_vaults_entry_fortified, roderic_cross_of_infinity,
          minmay_protected_statue
D:15:     grunt_enter_depths_giant_problem, layout_rooms, fedhas_altar_2,
          glass_columns_a, drop_trap, uniq_azrael
Lair:1:   layout_cave_pods, minivault_27
Lair:2:   layout_concentric_octagons, skrybe_swamp_entry_bodies,
          minmay_snake_entry_guardpost_small,
          eino_small_chamber_without_monster, nicolae_quartered_pool_little,
          serial_bayou_pond_d, st_stairs_7, minivault_11, minmay_hedge_maze,
          lemuel_fruit_fields
Lair:3:   layout_big_grid, serial_bayou_shore_a, uniq_sonja
Lair:4:   layout_gridlike, slime_entry_2, st_stairs_13,
          chequers_serial_rivers_room_b, pf_torpor_hydra
Lair:5:   wormcave, layout_hall_layers, hangedman_lair_in_review,
          nicolae_lair_time_for_slime
Swamp:1:  layout_falls_marsh, nicolae_swamp_small_spring,
          infiniplex_staircase_pool, uniq_mlioglotl
Swamp:2:  layout_basic_swamp, evilmike_swamp_ruin_rubble_1, uniq_roxanne
Swamp:3:  layout_falls_marsh, nicolae_swamp_fairy_circle, swamp_pool5
Swamp:4:  swamp, layout_basic_swamp
Snake:1:  layout_chambers, serial_shops, shop_statue, lightli_airlock,
          serial_bayou_shore_b, grunt_megastairs_5, uniq_agnes
Snake:2:  layout_onion_interference
Snake:3:  layout_cave_shapes, portal_ice_cave_entry_pillars_1
Snake:4:  grunt_snake_rune_pools, layout_rooms, nicolae_triple_integral
Slime:1:  layout_caves
Slime:2:  layout_caves, cheibrodos_slime_lost_civilization_4
Slime:3:  layout_caves
Slime:4:  cheibrodos_slime_lost_civilization_8, layout_caves
Slime:5
Orc:1:    nicolae_orc_accident_2, layout_caves, kennysheep_orc_sif_temple
Orc:2:    st_orc_congregation, layout_caves, basic_altar,
          ebering_ghost_inner_flame
Elf:1:    eino_elf_arrival_shootout, layout_loops_cross, orc_legates
Elf:2:    elven_hall_of_blades_hangedman_alternative
          [nicolae_blade_entry_splitting_headache], layout_geoelf_diagonals,
          onia_ninara_cookie, uniq_aizul
Elf:3:    elf_hall_gauntlet_wide, layout_loops_corners, nicolae_twisting_strands
Vaults:1: vaults_room_octagon, grunt_vaults_funnel,
          ontoclasm_vaults_claustrophobia, v_misc_9, vaults_mumra_hex,
          st_spiral_rooms, vaults_room_corners, layout_vaults_big_room
Vaults:2: vaults_dpeg_encased_lava, ontoclasm_vaults_fire_temple,
          nicolae_vaults_network_quincunx
          [nicolae_vaults_network_quincunx_subvault,
          nicolae_vaults_network_quincunx_subvault,
          nicolae_vaults_network_quincunx_subvault,
          nicolae_vaults_network_quincunx_subvault,
          nicolae_vaults_network_quincunx_subvault],
          nicolae_vaults_mini_display_case, minmay_crypt_entry_necro_gods,
          ontoclasm_vaults_eye, v_misc_4, hangedman_vaults_trim, v_misc_8,
          layout_vaults_omnicross, uniq_boris, uniq_zenata
Depths:1: layout_forbidden_donut, hell_entry, hangedman_abyss_or_decor_slice,
          serial_shops, shop, lightli_gold_pyramid, uniq_nikola

Skill      XL: |  1  2  3  4  5  6  7  8  9 10 11 12 13 14 15 16 17 18 19 20 |
---------------+-------------------------------------------------------------+-----
Axes           | 2 3 4 5 6 7 8 10 11 12 13 14 15 16 17 | 17.3
Fighting       | 3 4 5 7 9 10 13 14 16 17 18 19 20 21 22 | 22.3
Armour         | 3 5 6 7 8 10 11 12 13 14 | 14.8
Evocations     | 4 6 7 9 10 11 13 | 13.3
Shields        | 3 5 6 11 14 16 | 16.4
Stealth        | 4 6 |  6.0
Throwing       | 4 6 |  6.0
Spellcasting   | 2 |  2.2

Action                   |  1- 3 |  4- 6 |  7- 9 | 10-12 | 13-15 | 16-18 | 19-21 || total
-------------------------+-------+-------+-------+-------+-------+-------+-------++-------
Melee: War axe           |    74 |   114 |   235 |   692 |  1526 |  1521 |  1222 ||  5384
       Scimitar          |       |       |       |       |    50 |    21 |    61 ||   132
 Fire: Sling             |     1 |    12 |     2 |    89 |     5 |       |       ||   109
Throw: Dart              |       |     1 |     6 |     1 |       |    27 |       ||    35
Evoke: Wand              |       |       |    10 |    25 |    18 |    14 |    30 ||    97
       Condenser vane    |       |       |       |       |     3 |     4 |     1 ||     8
       Lightning rod     |       |       |       |       |     1 |     2 |     5 ||     8
       Phantom mirror    |       |       |       |       |       |     4 |     5 ||     9
       Phial of floods   |       |       |       |       |       |     1 |       ||     1
       Piece from Xom's  |       |       |       |       |       |     1 |     3 ||     4
       Box of beasts     |       |       |       |       |       |       |     4 ||     4
       Tin of tremorston |       |       |       |       |       |       |     3 ||     3
  Use: Scroll            |    12 |     7 |     6 |    10 |    17 |    12 |    11 ||    75
       Potion            |       |       |     1 |     2 |    21 |     5 |    10 ||    39
 Stab: Paralysed         |       |       |     5 |     7 |     6 |     1 |       ||    19
       Sleeping          |       |       |     1 |       |    11 |    14 |     8 ||    34
       Distracted        |       |       |       |       |       |     8 |     1 ||     9
Armor: Scale mail        |    14 |       |       |   284 |       |       |       ||   298
       Chain mail        |    36 |    85 |    83 |       |       |       |       ||   204
       Skin              |       |       |    11 |       |       |       |       ||    11
       Shadow dragon sca |       |       |    27 |   181 |  1000 |   907 |   794 ||  2909
Dodge: Dodged            |    34 |    27 |    69 |   258 |   522 |   368 |   258 ||  1536
Block: Buckler           |    14 |    32 |    50 |   193 |   556 |   366 |       ||  1211
       Tower shield      |       |       |       |       |       |   282 |  1267 ||  1549
       Kite shield       |       |       |       |       |       |    50 |       ||    50

Table legend: (Time is in decaauts)
 A = Elapsed time spent in this place.
 B = Non-inter-level travel time spent in this place.
 C = Inter-level travel time spent in this place.
 D = Time resting spent in this place.
 E = Time spent auto-exploring this place.
 F = Levels seen in this place.
 G = Mean time per level.
                   A        B        C        D        E       F      G
               +--------+--------+--------+--------+--------+-----+--------+
         Total |  61920 |  55144 |   6776 |  14915 |  24845 |  45 | 1376.0 |
       Dungeon |  17827 |  15060 |   2767 |   1640 |   9661 |  15 | 1188.5 |
          Lair |   7892 |   6748 |   1144 |   1818 |   3369 |   5 | 1578.4 |
         Swamp |   4844 |   4430 |    414 |   1489 |   1554 |   4 | 1211.0 |
     Snake Pit |   6772 |   6074 |    698 |   1719 |   2386 |   4 | 1693.0 |
    Slime Pits |   5753 |   5529 |    224 |   2642 |   1463 |   5 | 1150.6 |
  Orcish Mines |   3513 |   2804 |    709 |    825 |   1067 |   2 | 1756.5 |
   Elven Halls |   6471 |   6036 |    435 |   1844 |   2271 |   3 | 2157.0 |
        Vaults |   4726 |   4378 |    348 |   1650 |   1603 |   2 | 2363.0 |
        Depths |   1739 |   1705 |     34 |    515 |    686 |   1 | 1739.0 |
         Abyss |    189 |    189 |      0 |     17 |      4 |   1 |  189.0 |
         Sewer |    329 |    329 |      0 |     78 |    170 |   1 |  329.0 |
        Bailey |    666 |    666 |      0 |    285 |    130 |   1 |  666.0 |
      Ice Cave |   1193 |   1193 |      0 |    391 |    478 |   1 | 1193.0 |
               +--------+--------+--------+--------+--------+-----+--------+

Top non-repeatable levels by time:
   Elf:3: 2528 daAuts
Vaults:2: 2526 daAuts
 Snake:4: 2429 daAuts
   Elf:2: 2337 daAuts
 Snake:1: 2333 daAuts
   Orc:2: 2242 daAuts
  Lair:4: 2240 daAuts
Vaults:1: 2200 daAuts
 Slime:2: 1992 daAuts
  Lair:5: 1890 daAuts
    D:13: 1821 daAuts
    D:14: 1742 daAuts
Depths:1: 1739 daAuts
   Elf:1: 1606 daAuts
    D:12: 1588 daAuts
